 Dungeon Crawl Stone Soup version 0.28.0-53-g5a82cb258f (webtiles) character file.

Game seed: 2887603230908900901

884 issech the Chopper (level 7, -9/56 HPs)
             Began as a Minotaur Monk on June 13, 2022.
             Was a Believer of Hepliaklqana.
             Killed by divine providence
             ... invoked by an orc priest
              (12 damage)
             ... on level 5 of the Dungeon.
             The game lasted 00:12:36 (5490 turns).

issech the Chopper (Minotaur Monk)                  Turns: 5490, Time: 00:12:37

Health: -9/56      AC: 12    Str: 16    XL:     7   Next: 76%
Magic:  15/15      EV:  6    Int:  7    God:    Hepliaklqana [**....]
Gold:   179        SH:  0    Dex: 14    Spells: 6/6 levels left

rFire   . . .      SeeInvis .   u - +0 war axe
rCold   . . .      Faith    .   (no shield)
rNeg    . . .      Spirit   .   r - +0 plate armour
rPois   .          Reflect  .   (helmet restricted)
rElec   .          Harm     .   (no cloak)
rCorr   .          Rampage  .   (no gloves)
Will    .....                   (no boots)
Stlth   ..........              (no amulet)
HPRegen 0.18/turn               c - ring of magical power
MPRegen 0.14/turn               (no ring)

@: no status effects
A: reduced essence, horns 2, retaliatory headbutt
a: Renounce Religion, Recall Ancestor, Ancestor Identity


You were on level 5 of the Dungeon.
You worshipped Hepliaklqana.
Hepliaklqana was pleased with you.
You visited 1 branch of the dungeon, and saw 5 of its levels.

You collected 179 gold pieces.

Inventory:

Hand Weapons
 m - a +0 hunting sling
 u - a +0 war axe (weapon)
Missiles
 g - 3 poisoned darts
 j - 85 stones (quivered)
 o - 44 bolts
 s - 24 arrows
 w - 24 sling bullets
Armour
 b - a +0 robe
 e - a +0 chain mail
 r - a +0 plate armour (worn)
 t - a +2 leather armour of cold resistance
Magical Staves
 p - a staff of conjuration
Jewellery
 c - a ring of magical power (left hand)
Wands
 d - a wand of polymorph (11)
Scrolls
 f - a scroll of amnesia
 h - 3 scrolls of teleportation
 l - a scroll of enchant armour
 q - 2 scrolls of blinking
 v - a scroll of fear {unknown}
Potions
 a - a potion of curing {unknown}
 i - 4 potions of invisibility {unknown}
 k - 2 potions of ambrosia {unknown}
 n - 2 potions of flight {unknown}


   Skills:
 + Level 6.1 Fighting
 + Level 7.1 Axes
 + Level 1.2 Throwing
 + Level 5.5 Armour
 + Level 4.1 Dodging
 + Level 2.1 Stealth


You had 6 spell levels left.
You didn't know any spells.
Your spell library was empty.

Dungeon Overview and Level Annotations

Branches:
Dungeon (5/15)
 Temple: D:4-7

Altars:
Hepliaklqana

Shops:
D:4 [

Annotations:
D:5 Grinder


Innate Abilities, Weirdness & Mutations

Your life essence is reduced to manifest your ancestor. (-10% HP)
You have a pair of horns on your head.
You reflexively headbutt those who attack you in melee.


Message History

The orc wizard shouts!
You hear a shout!
You hear an angry hiss.
An orc priest comes into view. It is wielding a +0 flail.
The orc wizard casts a spell at you.
You are confused.
You hear a shout!
The orc wizard casts a spell at you.
Tlaloc appears confused.
The adder bites you but does no damage.
An orc priest comes into view. It is wielding a +0 whip.
The adder bites you.
You are poisoned.
The adder poisons you!
The orc wizard mumbles some strange words.
The orc wizard flickers and vanishes!
Deactivating autopickup; reactivate with Ctrl-A.
An orc comes into view. It is wielding a +1 whip of venom.
Grinder hits you.
You feel sick. The adder bites you but does no damage. Grinder gestures at you.
Pain shoots through your body!
An orc comes into view. It is wielding a +0 short sword.
You can move again.
You hit Grinder. Your headbutt misses Grinder.
Grinder is lightly wounded.
You hit the two-headed ogre but do no damage.
You feel sick.
Tlaloc misses something.
Grinder hits you but does no damage.
You slash Grinder!
Grinder is heavily wounded.
You barely miss the two-headed ogre. You closely miss the adder.
You feel less confused.
You feel sick. The adder bites you but does no damage.
The two-headed ogre hits you with a +0 giant spiked club!!
The two-headed ogre hits you with a +0 giant club!
* * * LOW HITPOINT WARNING * * *
Grinder hits you but does no damage. The adder bites you but does no damage.
You feel sick.
You are no longer poisoned.
The orc priest invokes the aid of Beogh against you.
Beogh smites you!
You die...

#.... #. ##....#####
.###.## ##.........###
....R.. ...........'..
...o...## #.........###
.$..o...# ##.........#
....o..$###.........###
#.....5##..#####...#
#.$..oO@..##)$$##..#
#.....S#..#55∩..#..#
#......##.##5$.##.##
#......##..#####..#
#......###.......##
#......# #########
#......# ########


You could see the friendly Tlaloc the battlemage (confused), a two-headed ogre,
Grinder, 2 orc priests, 3 quasits, an adder and 2 orcs.

Vanquished Creatures
  A water moccasin (D:3)
  3 ogres
  A scorpion (D:4)
  2 hounds (D:4)
  2 iguanas
  6 adders
  A worm (D:2)
  3 orcs (D:3)
  7 ball pythons
  8 endoplasms
  2 giant cockroaches
  3 goblins
  4 hobgoblins
  3 jackals (D:1)
  7 kobolds
  A quokka (D:2)
  6 bats
  6 frilled lizards
  6 rats
72 creatures vanquished.

Vanquished Creatures (collateral kills)
  2 bullfrog zombies (D:5)
  5 orc priests
  An orc wizard (D:4)
  4 orcs
  A bat (D:3)
13 creatures vanquished.

Vanquished Creatures (others)
  8 plants (D:3)
8 creatures vanquished.

Grand Total: 93 creatures vanquished

Notes
Turn   | Place    | Note
-------+----------+-------------------------------------------
     0 | D:1      | issech the Minotaur Monk began the quest for the Orb.
     0 | D:1      | Reached XP level 1. HP: 19/19 MP: 0/0
   278 | D:1      | Found a faded altar of an unknown god.
   344 | D:1      | Reached skill level 4 in Axes
   630 | D:1      | Reached XP level 2. HP: 27/27 MP: 1/1
  1028 | D:2      | Reached XP level 3. HP: 19/33 MP: 2/2
  1615 | D:2      | Reached skill level 1 in Armour
  1615 | D:2      | Reached XP level 4. HP: 20/41 MP: 3/3
  2561 | D:3      | Reached skill level 5 in Fighting
  2582 | D:3      | Found a hazy altar of Hepliaklqana.
  2606 | D:3      | Noticed a water moccasin
  2623 | D:3      | Killed a water moccasin
  2624 | D:3      | Reached skill level 5 in Axes
  2624 | D:3      | Reached XP level 5. HP: 29/48 MP: 4/4
  2624 | D:3      | Became a worshipper of Hepliaklqana the Forgotten
  2624 | D:3      | Reached * piety under Hepliaklqana
  2624 | D:3      | Reached ** piety under Hepliaklqana
  2625 | D:3      | Remembered your ancestor Tlaloc as a battlemage
  2850 | D:3      | Noticed an ogre
  2860 | D:3      | Killed an ogre
  2861 | D:3      | Reached XP level 6. HP: 16/50 MP: 5/5
  3113 | D:3      | Reached skill level 6 in Axes
  4681 | D:4      | Reached XP level 7. HP: 51/55 MP: 6/6
  4690 | D:4      | Found Syoz Uff's Armour Shoppe.
  5071 | D:4      | Reached skill level 1 in Throwing
  5071 | D:4      | Reached skill level 5 in Armour
  5189 | D:4      | Reached skill level 7 in Axes
  5395 | D:5      | Entered Level 5 of the Dungeon
  5480 | D:5      | Noticed Grinder
  5481 | D:5      | Noticed a two-headed ogre
  5481 | D:5      | Paralysed by Grinder for 7 turns
  5490 | D:5      | Killed from afar by an orc priest

Illustrated notes

Levels and vault maps discovered:
D:1:      co_arrival_square_in_a_square_in_a_square, layout_loops_ring,
          chequers_ecumenical_altar_island, st_stairs_8
D:2:      layout_basic
D:3:      layout_basic, mainiacjoe_overflow_surrounded_room, serial_bayou,
          serial_bayou_ford_a, serial_bayou_pond_c, serial_bayou_pond_b,
          serial_bayou_pond_d
D:4:      layout_basic, serial_shops, nicolae_inconvenience_store
D:5:      cheibrodos_quashed, layout_basic, minmay_temple_entry_arrows,
          uniq_grinder

Skill      XL: |  1  2  3  4  5  6  7 |
---------------+----------------------+-----
Axes           | 4 5 6 7 |  7.1
Fighting       | 4 5 6 |  6.1
Armour         | 1 2 3 4 5 |  5.5
Dodging        | 4 |  4.1
Stealth        | 2 |  2.1
Throwing       | 1 |  1.2

Action                   |  1- 3 |  4- 6 |  7- 9 || total
-------------------------+-------+-------+-------++-------
Melee: Hand axe          |    81 |    83 |     4 ||   168
       Headbutt          |    10 |    16 |     5 ||    31
       War axe           |       |       |    19 ||    19
       Punch             |       |       |     1 ||     1
Throw: Stone             |       |     9 |     8 ||    17
Invok: Ancestor Life: Ba |       |     1 |       ||     1
  Use: Scroll            |       |     3 |     1 ||     4
 Stab: Distracted        |       |     1 |       ||     1
Armor: Chain mail        |    52 |    46 |       ||    98
       Plate armour      |       |     3 |    20 ||    23
Dodge: Dodged            |    35 |    32 |     6 ||    73
